Map: Oxide LE

Players

Probe - Winner!

  • Race: Protoss Protoss

Seither

  • Race: Terran Terran
  • League: Grandmaster

Event: DreamHack SC2 Masters 2021 Summer

VOD

Have the link to the VOD?

Description

Time

  • Played on: May 20, 2021, 4:11 a.m.
  • Length: 9:18

All games in this series

Show
View Real Time Build Order
Export as new Build Order

Probe Protoss - Winner!

Build Orders: 1 Gate Expand, Zealot Archon, Dark Templar Rush 

Get SALT Encoding   

  12  0:00  Probe  
  13  0:12  Probe  
  14  0:17  Pylon  
  14  0:24  Probe (Chrono Boost)  
  15  0:37  Probe (Chrono Boost)  
  15  0:40  Gateway  
  16  0:44  Probe (Chrono Boost)  
  16  0:45  Assimilator  
  17  0:51  Probe  
  18  1:03  Probe  
  19  1:15  Probe  
  20  1:26  Cybernetics Core  
  20  1:31  Nexus  
  20  1:35  Probe  
  21  1:41  Pylon  
  21  1:47  Probe  
  21  1:50  Assimilator  
  21  2:00  Probe, Adept (Chrono Boost)  
  22  2:05  Warp Gate  
  24  2:12  Probe (Chrono Boost)  
  25  2:21  Probe (Chrono Boost)  
  26  2:23  Adept  
  26  2:26  Probe (Chrono Boost)  
  26  2:29  Twilight Council  
  29  2:41  Probe (Chrono Boost)  
  30  2:44  Probe (Chrono Boost)  
  32  2:52  Gateway  
  32  2:53  Probe (Chrono Boost)  
  32  2:54  Probe (Chrono Boost)  
  32  2:55  Adept  
  35  2:58  Probe (Chrono Boost)  
  35  3:02  Probe  
  37  3:08  Dark Shrine  
  37  3:10  Probe (Chrono Boost)  
  38  3:18  Probe (Chrono Boost)  
  39  3:22  Probe (Chrono Boost)  
  39  3:24  Pylon  
  41  3:29  Probe x2 (Chrono Boost)  
  41  3:32  Shield Battery  
  42  3:37  Probe  
  42  3:39  Probe  
  44  3:42  Pylon  
  44  3:49  Probe  
  44  3:51  Probe  
  46  3:56  Stalker  
  46  3:57  Stalker  
  46  4:01  Probe  
  51  4:03  Probe  
  51  4:07  Nexus  
  52  4:11  Pylon  
  52  4:20  Dark Templar x2  
  56  4:25  Robotics Facility  
  56  4:26  Probe x2  
  58  4:32  Assimilator  
  58  4:38  Probe x2  
  59  4:40  Forge  
  59  4:44  Gateway  
  60  4:50  Probe  
  60  4:51  Probe  
  62  4:59  Pylon  
  62  5:02  Probe  
  62  5:03  Probe  
  64  5:14  Probe  
  64  5:15  Probe  
  64  5:16  Charge, Protoss Ground Weapons Level 1 (Chrono Boost)  
  50  5:22  Stalker x2  
  50  5:24  Probe (Chrono Boost)  
  55  5:32  Probe (Chrono Boost)  
  55  5:33  Probe (Chrono Boost)  
  55  5:35  Probe (Chrono Boost)  
  56  5:40  Probe (Chrono Boost)  
  56  5:42  Probe x2 (Chrono Boost)  
  57  5:43  Observer  
  57  5:48  Gateway  
  57  5:49  Gateway x2  
  59  5:50  Probe (Chrono Boost)  
  59  5:53  Probe x2 (Chrono Boost)  
  59  5:55  Probe (Chrono Boost)  
  59  5:56  Sentry x2  
  66  6:02  Probe x2  
  68  6:05  Probe, Photon Cannon  
  68  6:06  Immortal  
  73  6:14  Probe  
  73  6:15  Probe, Shield Battery  
  73  6:17  Probe  
  76  6:19  Zealot  
  78  6:26  Probe  
  78  6:28  Probe  
  78  6:31  Zealot x2  
  84  6:33  Probe  
  84  6:39  Probe  
  86  6:40  Probe  
  86  6:44  Gateway x2, Dark Templar  
  86  6:45  Dark Templar  
  86  6:46  Phoenix, Warp Prism (Chrono Boost)  
  91  6:50  Archon  
  93  6:57  Pylon  
  93  6:58  Pylon  
  93  7:05  Protoss Ground Armor Level 1 (Chrono Boost)  
  93  7:15  Pylon  
  93  7:16  Pylon x2  
  93  7:17  Pylon, Zealot x3  
  93  7:18  Zealot, Pylon  
  101  7:25  Probe x2  
  103  7:36  Zealot x2  
  107  7:37  Zealot  
  107  7:38  Shield Battery, Zealot x3  
  107  7:40  Immortal (Chrono Boost)  
  119  7:49  Photon Cannon  
  119  7:55  Zealot, Sentry, Robotics Bay  
  123  7:59  Zealot x3  
  123  8:03  Dark Templar  
  129  8:10  Dark Templar  
  129  8:11  Zealot  
  123  8:24  Shield Battery  
  123  8:25  Shield Battery  
  123  8:26  Zealot x2, Pylon  
  123  8:27  Shield Battery, Zealot x3  
  119  8:43  Zealot x3, Immortal (Chrono Boost)  
  119  8:50  Zealot x4  
Show
View Real Time Build Order
Export as new Build Order

Seither Terran 

Build Orders:  

Get SALT Encoding   

  12  0:00  SCV  
  13  0:12  SCV  
  14  0:16  Supply Depot  
  14  0:24  SCV  
  15  0:38  SCV  
  15  0:39  Barracks  
  16  0:42  Refinery  
  16  0:50  SCV  
  17  1:02  SCV  
  18  1:14  SCV  
  19  1:27  Marine  
  19  1:28  Orbital Command  
  20  1:42  Command Center  
  20  1:55  SCV  
  20  1:58  Factory  
  21  2:02  Barracks Reactor  
  21  2:07  SCV  
  22  2:11  Supply Depot  
  22  2:19  SCV  
  23  2:23  Bunker  
  23  2:27  Refinery  
  23  2:32  SCV  
  24  2:39  Marine x2  
  24  2:42  Widow Mine  
  28  2:44  SCV  
  28  2:49  Starport  
  29  2:57  Orbital Command  
  29  3:01  SCV  
  29  3:04  Widow Mine  
  32  3:07  Marine  
  32  3:09  Marine  
  34  3:15  SCV  
  35  3:23  SCV  
  35  3:25  Medivac  
  38  3:28  Supply Depot  
  38  3:29  Widow Mine  
  38  3:32  Marine x2  
  38  3:33  SCV  
  43  3:35  SCV  
  44  3:43  Supply Depot  
  44  3:48  SCV x2  
  46  3:49  Marine x2  
  46  3:53  Factory Tech Lab  
  48  3:58  Starport Tech Lab  
  48  4:02  SCV x2, Barracks  
  50  4:12  Engineering Bay, Siege Tank  
  50  4:14  SCV x2  
  50  4:16  Marine x2  
  57  4:22  Supply Depot  
  57  4:26  Raven  
  57  4:29  Refinery  
  59  4:33  SCV x2  
  59  4:35  Marine  
  62  4:43  Marine, Supply Depot  
  62  4:45  SCV x2  
  64  4:58  SCV x2, Marine  
  60  5:07  Marine  
  60  5:08  Marine  
  60  5:10  SCV x2  
  53  5:22  SCV x2  
  53  5:29  Terran Infantry Weapons Level 1  
  53  5:34  SCV x2  
  54  5:38  Marine x3  
  57  5:46  SCV x2  
  59  5:58  SCV x2, Marine  
  59  5:59  Marine  
  59  6:02  Starport Reactor, Factory Reactor  
  59  6:04  Barracks  
  63  6:08  Supply Depot  
  63  6:10  SCV x2  
  65  6:12  Stimpack  
  65  6:15  Marauder  
  67  6:23  SCV x2  
  67  6:31  Marine x2  
  69  6:35  SCV x2  
  69  6:39  Barracks  
  73  6:40  Widow Mine x2, Barracks  
  73  6:45  Medivac  
  77  6:49  Supply Depot  
  77  6:53  Combat Shield, Supply Depot  
  77  6:55  SCV  
  78  7:11  Widow Mine x2, Marauder, Medivac  
  78  7:14  SCV, Marauder, Marine x2  
  91  7:16  Supply Depot  
  91  7:17  Medivac  
  91  7:22  Supply Depot  
  93  7:26  Marine  
  94  7:37  Marine  
  94  7:38  Widow Mine x2, Marauder  
  94  7:39  Supply Depot  
  94  7:43  Marine  
  94  7:44  Marauder, Marine x2  
  105  7:46  Supply Depot  
  106  7:52  Concussive Shells  
  106  7:54  Liberator  
  106  7:55  Marine  
  110  8:01  Marauder, Marine x2  
  110  8:02  Marine  
  117  8:05  Marauder  
  117  8:09  Supply Depot  
  113  8:13  Marine  
  113  8:19  Marine  
  108  8:21  Marine  
  108  8:22  Marauder  
  111  8:27  Marauder, Marine  
  111  8:31  Marine  
  90  8:43  Marauder  
  90  8:45  Marine x2  
  95  8:48  Marauder  
  95  8:51  Marine x2  
Tags
 
Add a new tag
Caveats
  • Supply blocks, unpowered buildings, or Contaminate may cause inaccurate times.
  • Supply counts are checked every 10 seconds.